 Dungeon Crawl Stone Soup version 0.29-a0-1052-g6990b1bffc (webtiles) character file.

Game seed: 8562036256311323699

23874 Plasmagod the Severer (level 13, -31/128 HPs)
             Began as a Hill Orc Monk on Aug 17, 2022.
             Was a High Priest of Beogh.
             Annihilated by an ettin
             ... wielding a +0 giant club of flaming
              (53 damage)
             ... on level 2 of the Orcish Mines.
             The game lasted 00:49:34 (18982 turns).

Plasmagod the Severer (Hill Orc Monk)              Turns: 18982, Time: 00:49:34

Health: -31/128    AC: 15    Str: 25    XL:     13   Next: 9%
Magic:  21/24      EV:  7    Int: 10    God:    Beogh [*****.]
Gold:   1803       SH: 11    Dex: 19    Spells: 12/12 levels left

rFire   . . .      SeeInvis .   a - +1 hand axe (vorpal)
rCold   . . .      Faith    .   G - +2 buckler
rNeg    . . .      Spirit   .   h - +1 plate armour
rPois   .          Reflect  +   L - +0 helmet
rElec   +          Harm     .   o - +1 cloak
rCorr   .          Rampage  .   w - +0 pair of gloves of the Evil One {rElec}
Will    .....                   (no boots)
Stlth   ..........              b - amulet of reflection
HPRegen 0.31/turn               C - +6 ring of dexterity
MPRegen 0.19/turn               E - +6 ring of strength

@: mighty
A: walk on water
a: Renounce Religion, Smiting, Recall Orcish Followers, Give Item to Named
Follower


You were on level 2 of the Orcish Mines.
You worshipped Beogh.
Beogh was extremely pleased with you.
You visited 2 branches of the dungeon, and saw 16 of its levels.
You also visited: Bailey.

You collected 1803 gold pieces.

Inventory:

Hand Weapons
 a - a +1 vorpal hand axe (weapon)
Missiles
 M - 3 atropa-tipped darts (quivered)
Armour
 h - a +1 plate armour (worn)
 o - a +1 cloak (worn)
 w - the +0 pair of gloves of the Evil One (worn) {rElec}
   (You found it on level 5 of the Dungeon)

   rElec:     It insulates you from electricity.
 G - a +2 buckler (worn)
 L - a +0 helmet (worn)
Jewellery
 b - an amulet of reflection (around neck)
 e - a ring of protection from cold
 l - a ring of flight
 t - a +6 ring of dexterity
 C - a +6 ring of dexterity (left hand)
 D - a ring of see invisible
 E - a +6 ring of strength (right hand)
Wands
 r - a wand of mindburst (26)
 x - a wand of flame (48)
 K - a wand of polymorph (5)
Scrolls
 i - 2 scrolls of butterflies
 k - 6 scrolls of teleportation
 p - a scroll of identify
 u - a scroll of enchant armour
 v - 3 scrolls of magic mapping
 F - a scroll of amnesia
 N - a scroll of poison {unknown}
Potions
 c - a potion of ambrosia
 d - 5 potions of might
 f - 4 potions of mutation {unknown}
 g - 9 potions of curing
 j - 3 potions of lignification {unknown}
 m - 4 potions of heal wounds
 n - 2 potions of cancellation {unknown}
 q - 4 potions of flight
 s - 3 potions of attraction {unknown}
 z - 4 potions of haste {unknown}
 A - 2 potions of berserk rage {unknown}
 B - 6 potions of brilliance
 H - 3 potions of resistance {unknown}
 I - 3 potions of invisibility {unknown}
 J - a potion of magic {unknown}
Miscellaneous
 y - a tin of tremorstones (2/2)


   Skills:
 - Level 16.0 Fighting
 - Level 16.0 Axes
 - Level 2.4 Dodging
 - Level 1.5 Stealth
 + Level 15.7 Invocations


You had 12 spell levels left.
You didn't know any spells.
Your spell library contained the following spells:

 Spells                   Type           Power      Damage    Failure   Level
 Sting                    Tmut/Pois      0%         1d3       100%        1
 Summon Small Mammal      Summ           0%         N/A       100%        1
 Blink                    Tloc           0%         N/A       100%        2
 Poisonous Vapours        Pois/Air       0%         N/A       100%        2
 Call Canine Familiar     Summ           0%         N/A       100%        3
 Gell's Gravitas          Tloc           0%         N/A       100%        3
 Lesser Beckoning         Tloc           0%         N/A       100%        3
 Summon Guardian Golem    Hex/Summ       0%         N/A       100%        3
 Teleport Other           Tloc           0%         N/A       100%        3
 Tukima's Dance           Hex            0%         N/A       100%        3
 Animate Dead             Necr           0%         N/A       100%        4
 Olgreb's Toxic Radiance  Pois           0%         N/A       100%        4
 Passage of Golubria      Tloc           0%         N/A       100%        4
 Borgnjor's Vile Clutch   Necr/Erth      0%         N/A       100%        5
 Manifold Assault         Tloc           0%         N/A       100%        5
 Yara's Violent Unravell  Hex/Tmut       0%         3d3       100%        5
 Death Channel            Necr           0%         N/A       100%        6
 Dispersal                Tloc           0%         N/A       100%        6


Dungeon Overview and Level Annotations

Branches:
Dungeon (14/15)            Temple (0/1) D:5            Lair (0/5) D:11
    Orc (2/2) D:11         Bailey (visited)
    Elf: Orc:2       Vaults: D:13-14

Altars:
Cheibriados
Dithmenos
Elyvilon
Fedhas
Hepliaklqana
Nemelex Xobeh
Okawaru
Sif Muna
Trog
Uskayaw
Vehumet
Wu Jian
Zin
The Shining One

Shops:
D:5 *

Annotations:
D:6 1 runed translucent door, Crazy Yiuf
Orc:2 1 transporter, Stonecrops's ghost, journeyman FoFi


Message History

The two-headed ogre hits your orc warrior with a +0 giant spiked club!
Your orc warrior hits the two-headed ogre with a +0 battleaxe.
Your orc warrior hits the orc knight with a +0 battleaxe.
The orc knight dies!
Beogh accepts your kill.
Your orc warrior looks more experienced.
Your orc warrior hits the two-headed ogre with a +0 battleaxe!!
Okay, then.
Press: ? - help, v - describe, . - travel
Here: Stonecrops's ghost, wielding a vampiric weapon (lightly damaged)
The floor.
You feel very mighty all of a sudden.
The two-headed ogre hits you with a +0 giant spiked club!
The two-headed ogre hits you but does no damage.
Your orc warrior hits the two-headed ogre with a +0 battleaxe!! x2
The two-headed ogre dies!
Beogh accepts your kill.
Your orc warrior looks more experienced.
You block the orc warrior's attack. You block Stonecrops's ghost's attack.
You block the troll's attack. The troll closely misses you.
The troll claws you but does no damage.
Your orc barely misses the troll.
Okay, then.
Aiming: Smiting
Press: ? - help, Dir - move target, f - Stonecrops's ghost Smite: Stonecrops's ghost, wielding a vampiric weapon (lightly damaged)
You smite Stonecrops's ghost!!
Stonecrops's ghost is moderately damaged.
The two-headed ogre hits your orc knight with a +0 giant club!
The two-headed ogre hits your orc knight but does no damage.
Your orc knight barely misses the two-headed ogre.
The orc warrior hits you from afar with a +0 trident! x2
* * * LOW HITPOINT WARNING * * *
You block Stonecrops's ghost's attack. The troll bites you.
* * * LOW HITPOINT WARNING * * *
The troll claws you but does no damage. The troll claws you.
* * * LOW HITPOINT WARNING * * *
Your orc closely misses the troll.
The ettin attacks as you move away!
The ettin hits you with a +0 giant club of flaming!!!
You die...

ooo#...#
##.##..............#
oo###.##
...#....#####.....##
..#####
...##..###W..###....#
o..# ##.##..##..o.##
##...# #.##
####..##..#.#
###...## #.#
#..##.###.#≈#.##...#
....
#..#.)#≈.$:#.$.#...#
..#..
#.©#©W.#O_:....#©..#
....#
#..#o@)o.[}....#..##
.....
#..##TC..#≈#..##.##
......
##..#o)o.###..#..#
......
#..##..y#.####..# #
##..###.©.###..##
#....#####....#
##...oooo....##
###..oo...###
#########


You could see an ettin (berserk), a two-headed ogre (ally target), a moth of
wrath, a troll, 2 orc warriors, Stonecrops's ghost, 2 friendly orc knights, a
friendly orc warrior, a friendly orc wizard and a friendly orc (strong).

Vanquished Creatures
  A two-headed ogre (D:11)
  Lodul (D:10)
  3 orc knights
  A manticore (D:13)
  2 ugly things
  A cyclops (D:11)
  A troll (Orc:2)
  A vampire (D:10)
  8 yaks
  A wyvern (D:8)
  A human (D:7)
  2 vampire mosquitoes
  2 water moccasins
  An ice beast (D:7)
  A black bear (D:11)
  5 orc warriors
  2 sky beasts
  3 ogres
  A boggart (D:14)
  6 centaurs
  3 phantoms
  Blork the orc (D:4)
  A bullfrog (D:11)
  2 necrophages
  2 scorpions (D:5)
  2 wights (D:9)
  16 killer bees
  A howler monkey (D:14)
  5 orc priests
  4 hounds
  Jessica (D:2)
  5 iguanas
  6 orc wizards
  Natasha (thrice) (D:4)
  9 gnolls
  3 adders
  2 shadow imps (D:5)
  A white imp (D:7)
  3 ufetubi
  2 dart slugs
  8 orcs
  6 endoplasms
  3 giant cockroaches
  7 goblins
  5 hobgoblins
  4 jackals (D:1)
  8 kobolds
  4 quokkas
  6 ball pythons
  3 bats
  5 frilled lizards
  6 rats
181 creatures vanquished.

Vanquished Creatures (collateral kills)
  3 boulder beetles
  4 hydras
  A centaur warrior (D:12)
  5 two-headed ogres
  2 tengu warriors (D:13)
  A deep elf pyromancer (D:14)
  6 cyclopes
  An orc sorcerer (Orc:2)
  3 orc knights
  5 ugly things
  A gargoyle (D:13)
  Psyche (D:9)
  An efreet (D:13)
  2 kobold demonologists (D:12)
  A queen bee (D:12)
  2 trolls
  2 slime creatures (D:12)
  A wind drake (shapeshifter) (D:13)
  3 wraiths
  3 wyverns
  4 hogs (D:7)
  12 yaks
  A basilisk (D:12)
  A steam dragon (D:8)
  7 vampire mosquitoes
  A warg (Orc:2)
  A water moccasin (D:11)
  8 orc warriors
  An ice beast (D:7)
  2 black bears (D:11)
  3 boggarts (D:14)
  2 centaurs (D:12)
  13 ogres
  2 kobold brigands (D:12)
  A bullfrog (D:7)
  A necrophage (D:7)
  A gnoll sergeant (D:8)
  3 wights (D:9)
  6 killer bees
  A howler monkey (D:12)
  2 orc priests
  4 orc wizards
  8 gnolls
  11 orcs
  3 kobolds (D:12)
147 creatures vanquished.

Vanquished Creatures (others)
  3 orc knights
  5 orc warriors
  2 orc priests
  A shadow (D:13)
  A yak (D:9)
  5 orc wizards (Orc:2)
  44 orcs
  An endoplasm (D:3)
  36 fungi (D:11)
  56 plants
154 creatures vanquished.

Grand Total: 482 creatures vanquished

Notes
Turn   | Place    | Note
-------+----------+-------------------------------------------
     0 | D:1      | Plasmagod the Hill Orc Monk began the quest for the Orb.
     0 | D:1      | Reached XP level 1. HP: 19/19 MP: 1/1
    59 | D:1      | Reached XP level 2. HP: 17/26 MP: 2/2
   367 | D:1      | Reached skill level 5 in Axes
   718 | D:1      | Reached XP level 3. HP: 31/31 MP: 3/3
  1495 | D:2      | Found a faded altar of an unknown god.
  1495 | D:2      | Noticed Jessica
  1506 | D:2      | Killed Jessica
  1507 | D:2      | Reached XP level 4. HP: 24/39 MP: 4/4
  1806 | D:3      | Became a worshipper of Beogh the Brigand
  1806 | D:3      | Reached * piety under Beogh
  1806 | D:3      | Reached ** piety under Beogh
  1838 | D:3      | Found a hide-covered altar of Uskayaw.
  2042 | D:3      | Reached XP level 5. HP: 10/45 MP: 5/5
  2717 | D:4      | Noticed Natasha
  2725 | D:4      | Killed Natasha
  3046 | D:4      | Noticed Natasha
  3056 | D:4      | Killed Natasha
  3097 | D:4      | Noticed Natasha
  3104 | D:4      | Killed Natasha
  3105 | D:4      | Reached XP level 6. HP: 47/51 MP: 6/6
  3139 | D:4      | Found a sparkling altar of Nemelex Xobeh.
  3469 | D:4      | Noticed Blork the orc
  3488 | D:4      | Killed Blork the orc
  3489 | D:4      | Reached skill level 10 in Axes
  3489 | D:4      | Reached XP level 7. HP: 44/57 MP: 7/7
  3598 | D:4      | Found a snail-covered altar of Cheibriados.
  3598 | D:4      | Found a hazy altar of Hepliaklqana.
  3598 | D:4      | Found a radiant altar of Vehumet.
  3929 | D:4      | Found an ornate altar of the Wu Jian Council.
  4023 | D:5      | Entered Level 5 of the Dungeon
  4023 | D:5      | Found Nole's Assorted Antiques.
  4023 | D:5      | Found a blossoming altar of Fedhas.
  4025 | D:5      | Identified the +0 pair of gloves of the Evil One {rElec}
  4144 | D:5      | Found a shimmering blue altar of Sif Muna.
  4521 | D:5      | Reached XP level 8. HP: 51/64 MP: 8/8
  4898 | D:5      | Found a staircase to the Ecumenical Temple.
  5328 | D:6      | Found a glowing silver altar of Zin.
  5415 | D:6      | Found a white marble altar of Elyvilon.
  5733 | D:6      | Found a runed translucent door.
  5734 | D:6      | Noticed Crazy Yiuf
  6030 | D:6      | Found an iron altar of Okawaru.
  6034 | D:6      | Reached *** piety under Beogh
  6534 | D:7      | Reached XP level 9. HP: 70/70 MP: 9/9
  6633 | D:7      | Reached skill level 15 in Axes
  7061 | D:7      | Reached skill level 5 in Fighting
  7776 | D:8      | Found a shadowy altar of Dithmenos.
  7830 | D:8      | Reached XP level 10. HP: 72/89 MP: 10/10
  8362 | D:8      | Found a glowing golden altar of the Shining One.
  8715 | D:9      | Reached **** piety under Beogh
  8848 | D:9      | Noticed Psyche
  8857 | D:9      | Reached skill level 10 in Fighting
  8861 | D:9      | Killed Psyche
  9923 | D:10     | Entered Level 10 of the Dungeon
  9928 | D:10     | Found a flagged portal.
  9952 | Bailey   | Entered a bailey
 10285 | Bailey   | Noticed an orc knight
 10303 | Bailey   | Killed an orc knight
 10789 | D:10     | Noticed Lodul
 10792 | D:10     | Killed Lodul
 10806 | D:10     | Reached XP level 11. HP: 86/107 MP: 11/11
 11011 | D:10     | Noticed a two-headed ogre
 11018 | D:10     | Killed a two-headed ogre
 11045 | D:10     | Noticed a two-headed ogre
 11051 | D:10     | Killed a two-headed ogre
 12569 | D:11     | Noticed a two-headed ogre
 12578 | D:11     | Killed a two-headed ogre
 12579 | D:11     | Reached skill level 15 in Fighting
 12580 | D:11     | Killed a cyclops
 12583 | D:11     | Noticed a boulder beetle
 12588 | D:11     | Found a staircase to the Lair.
 12599 | D:11     | Reached ***** piety under Beogh
 12600 | D:11     | Killed a boulder beetle
 12765 | D:11     | Noticed a red ugly thing
 12770 | D:11     | Killed a red ugly thing
 12800 | D:11     | Identified the +1 leather armour "Loruk" {Int+4}
 12841 | D:11     | Noticed a two-headed ogre
 12849 | D:11     | Killed a two-headed ogre
 12850 | D:11     | Reached skill level 1 in Invocations
 12956 | D:11     | Identified the +2 shortbow of Proximity {freeze, rC+ Str+6
                  | Int+2}
 13008 | D:11     | Noticed a cyclops
 13008 | D:11     | Noticed an eight-headed hydra
 13012 | D:11     | Killed a cyclops
 13020 | D:11     | Killed a ten-headed hydra
 13159 | D:11     | Noticed a cyclops
 13166 | D:11     | Killed a cyclops
 13167 | D:11     | Reached skill level 5 in Invocations
 13218 | D:11     | Found a staircase to the Orcish Mines.
 13252 | D:11     | Noticed a four-headed hydra
 13257 | D:11     | Killed a seven-headed hydra
 13319 | D:11     | Identified the +6 broad axe "Demonslayer" {venom, Fragile
                  | rElec rC+++ Int+7}
 13661 | D:12     | Noticed a centaur warrior
 13664 | D:12     | Noticed a soul eater
 13672 | D:12     | Killed a centaur warrior
 13672 | D:12     | Gained Dorog as an ally
 13676 | D:12     | Noticed a sun demon
 13680 | D:12     | Reached XP level 12. HP: 6/122 MP: 15/17
 13681 | D:12     | Noticed a sun demon
 13681 | D:12     | Gained Hilgar as an ally
 14331 | D:12     | Reached skill level 10 in Invocations
 14608 | D:12     | Noticed a six-headed hydra
 14614 | D:12     | Killed an eight-headed hydra
 14759 | D:12     | Noticed a boulder beetle
 14772 | D:12     | Killed a boulder beetle
 15206 | D:13     | Noticed a boulder beetle
 15227 | D:13     | Killed a boulder beetle
 15332 | D:13     | Noticed a tengu warrior
 15332 | D:13     | Noticed a tengu warrior
 15342 | D:13     | Killed a tengu warrior
 15344 | D:13     | Killed a tengu warrior
 16186 | D:13     | Noticed a five-headed hydra
 16195 | D:13     | Killed a six-headed hydra
 16847 | D:14     | Noticed a boulder beetle
 16862 | D:14     | Noticed a vault guard
 16869 | D:14     | Your ally Hilgar died
 16877 | D:14     | Noticed a deep elf knight
 17765 | Orc:1    | Entered Level 1 of the Orcish Mines
 18035 | Orc:1    | Noticed a two-headed ogre
 18050 | Orc:1    | Killed a two-headed ogre
 18461 | Orc:2    | Entered Level 2 of the Orcish Mines
 18478 | Orc:2    | Gained Ugbert as an ally
 18551 | Orc:2    | Reached skill level 15 in Invocations
 18551 | Orc:2    | Reached XP level 13. HP: 101/128 MP: 20/24
 18904 | Orc:2    | Found a bloodstained altar of Trog.
 18906 | Orc:2    | Noticed Stonecrops's ghost (journeyman FoFi)
 18911 | Orc:2    | Found a transporter.
 18925 | Orc:2    | Found a transporter.
 18925 | Orc:2    | Noticed an ettin
 18982 | Orc:2    | Annihilated by an ettin

Illustrated notes

Levels and vault maps discovered:
D:1:      grunt_arrival_lava_bath, layout_loops_cross
D:2:      layout_loops_cross, chequers_ecumenical_altar_simple_redux,
          grunt_ministairs_4, st_stairs_8, nrook_uturn, hangedman_decor_lopped,
          uniq_jessica
D:3:      layout_basic, mainiacjoe_overflow_chevrons
D:4:      layout_loops_ring, nemelex_spade_bored_becter,
          nzn_wu_jian_council_hall, gammafunk_temple_overflow_claw,
          uniq_blork_the_orc, uniq_natasha
D:5:      layout_cave_pools, mainiacjoe_overflow_catwalk, lemuel_tele_altar,
          minmay_temple_entry_wispy, serial_column_ruins,
          column_ruins_square_medium, column_ruins_open_small,
          column_ruins_open_medium, column_ruins_grid_3, serial_shops,
          nicolae_shop_competitors_out_of_business
D:6:      layout_loops_ring, okawaru_altar_gauntlet_db,
          mainiacjoe_overflow_paths, elyvilon_altar_5, uniq_crazy_yiuf_cottage
D:7:      layout_basic, serial_glass, glass_columns_c, glass_columns_b,
          grunt_livestock
D:8:      layout_loops_ring, tso_altar, grunt_dithmenos_smoke_and_mirrors,
          serial_rivers, chequers_serial_rivers_large_b,
          chequers_serial_rivers_small_3, chequers_serial_rivers_large_a,
          chequers_serial_rivers_micro_b, chequers_serial_rivers_micro_e,
          chequers_serial_rivers_micro_e
D:9:      layout_roguey, uniq_psyche
D:10:     layout_layer_cave, enter_bailey_2, chequers_serial_rivers_micro_d,
          uniq_lodul
D:11:     layout_roguey, due_lair_maze_entry_diamond, orc_0_dummy,
          minmay_misc_feat_iff
D:12:     layout_irregular_city, hangedman_abyss_or_decor_jellyfish_corner,
          nicolae_looking_at_the_future
D:13:     layout_loops_corners
D:14:     layout_irregular_city, grunt_vaults_entry_fortified,
          reono_crystal_passage
Orc:1:    layout_diamond_mine
Orc:2:    st_orc_ogre_mass, layout_caves, gammafunk_ghost_wrathful_warriors

Skill      XL: |  1  2  3  4  5  6  7  8  9 10 11 12 |
---------------+-------------------------------------+-----
Axes           | 5 6 7 8 10 12 14 16 | 16.0
Fighting       | 8 13 16 | 16.0
Invocations    | 7 15 | 15.7
Dodging        | |  2.4
Stealth        | |  1.5

Action                   |  1- 3 |  4- 6 |  7- 9 | 10-12 | 13-15 || total
-------------------------+-------+-------+-------+-------+-------++-------
Melee: Hand axe          |   125 |   152 |   302 |   340 |    13 ||   932
Invok: Convert to Beogh  |       |     1 |       |       |       ||     1
       Recall Orcish Fol |       |       |       |     6 |       ||     6
       Smiting           |       |       |       |     2 |     2 ||     4
       Give Item to Name |       |       |       |     2 |       ||     2
Evoke: Wand              |       |       |       |     1 |       ||     1
  Use: Scroll            |       |       |    11 |     6 |       ||    17
       Potion            |       |       |       |     3 |     1 ||     4
 Stab: Distracted        |       |       |     2 |     2 |     1 ||     5
       Invisible         |       |       |       |     1 |       ||     1
Armor: Ring mail         |    14 |       |       |       |       ||    14
       Plate armour      |    39 |    48 |    90 |   122 |     6 ||   305
Dodge: Dodged            |    36 |    23 |    32 |    84 |     5 ||   180
Block: Buckler           |    41 |    54 |    90 |   160 |     9 ||   354
       Reflection        |     4 |       |     5 |    19 |       ||    28

Table legend: (Time is in decaauts)
 A = Elapsed time spent in this place.
 B = Non-inter-level travel time spent in this place.
 C = Inter-level travel time spent in this place.
 D = Time resting spent in this place.
 E = Time spent auto-exploring this place.
 F = Levels seen in this place.
 G = Mean time per level.
                   A        B        C        D        E       F      G
               +--------+--------+--------+--------+--------+-----+--------+
         Total |  18843 |  18080 |    763 |   2833 |  12241 |  17 | 1108.4 |
       Dungeon |  16830 |  16097 |    733 |   2253 |  11374 |  14 | 1202.1 |
  Orcish Mines |   1199 |   1169 |     30 |    100 |    823 |   2 |  599.5 |
        Bailey |    813 |    813 |      0 |    480 |     44 |   1 |  813.0 |
               +--------+--------+--------+--------+--------+-----+--------+

Top non-repeatable levels by time:
    D:10: 1789 daAuts
    D:13: 1661 daAuts
     D:4: 1629 daAuts
    D:12: 1512 daAuts
     D:8: 1417 daAuts
     D:9: 1333 daAuts
    D:11: 1147 daAuts
     D:5: 1051 daAuts
     D:6: 1029 daAuts
     D:2: 955 daAuts
     D:3: 878 daAuts
    D:14: 855 daAuts
     D:1: 843 daAuts
  Bailey: 813 daAuts
     D:7: 726 daAuts
